 Dungeon Crawl Stone Soup version 0.27-a0-1202-ge72e49191c (webtiles) character file.

Game seed: 3758355887309702460

854 hatdisgam the Caller (level 8, 0/52 HPs)
             Began as a Formicid Summoner on June 4, 2021.
             Slain by an ice beast (7 damage)
             ... on level 6 of the Dungeon.
             The game lasted 00:10:53 (7329 turns).

hatdisgam the Caller (Formicid Summoner)            Turns: 7329, Time: 00:10:54

Health: 0/52       AC:  2    Str: 14    XL:     8   Next: 21%
Magic:  8/13       EV: 12    Int: 16    God:
Gold:   270        SH:  0    Dex: 11    Spells: 3/13 levels left

rFire    . . .     SeeInvis +   d - +2 short sword (speed)
rCold    . . .     Faith    .   (no shield)
rNeg     . . .     Spirit   .   a - +0 robe
rPois    .         Reflect  .   (helmet unavailable)
rElec    .         Harm     .   z - scarf {repulsion}
rCorr    .         Rampage  .   (no gloves)
Will     .....                  (no boots)
Stlth    ++........             (no amulet)
HPRegen  0.17/turn              (no ring)
MPRegen  0.13/turn              (no ring)

@: repel missiles
A: permanent stasis, dig shafts and tunnels, antennae 3, four strong arms
a: Dig, Shaft Self


You were on level 6 of the Dungeon.
You visited 1 branch of the dungeon, and saw 10 of its levels.

You collected 270 gold pieces.

Inventory:

Hand Weapons
 b - a +0 club
 d - a +2 short sword of speed (weapon)
 s - a +0 war axe
 x - the +8 mace of Fiskexic {protect, rF+ MP-9 Str+6}
   (You found it on level 4 of the Dungeon)

   It grants its wielder temporary protection when it strikes (+7 to AC).
   It affects your strength (+6).
   It protects you from fire.
   It affects your magic capacity (-9).
Armour
 a - a +0 robe (worn)
 q - a +0 scale mail of cold resistance
 z - a scarf of repulsion (worn)
Wands
 w - a wand of iceblast (6)
Scrolls
 f - 2 scrolls of fear {unknown}
 h - a scroll of vulnerability {unknown}
 i - a scroll of amnesia {unknown}
 k - 2 scrolls of fog {unknown}
 m - a scroll of torment {unknown}
 n - 6 scrolls of identify
 o - a scroll of noise {unknown}
 r - a scroll of holy word {unknown}
 t - a scroll of enchant armour {unknown}
 u - a scroll of silence {unknown}
 y - 2 scrolls of teleportation {unknown}
Potions
 c - 2 potions of curing
 e - a potion of attraction
 g - a potion of might {unknown}
 j - a potion of lignification {unknown}
 l - a potion of flight {unknown}
 p - a potion of haste
 v - a potion of heal wounds {unknown}


   Skills:
 + Level 3.4 Dodging
 - Level 2.4 Stealth
 - Level 3.3 Spellcasting
 * Level 7.3 Summonings
 * Level 4.4 Ice Magic


You had 3 spell levels left.
You knew the following spells:

 Your Spells              Type           Power      Damage    Failure   Level
a - Summon Small Mammal   Summ           100%       N/A       1%          1
b - Call Imp              Summ           26%        N/A       1%          2
c - Call Canine Familiar  Summ           26%        N/A       2%          3
d - Summon Ice Beast      Ice/Summ       21%        N/A       16%         4

Your spell library contained the following spells:

 Spells                   Type           Power      Damage    Failure   Level
 Ensorcelled Hibernation  Hex/Ice        18%        N/A       11%         2
 Summon Guardian Golem    Hex/Summ       14%        N/A       12%         3
 Corona                   Hex            2%         N/A       19%         1
 Confusing Touch          Hex            2%         N/A       47%         3
 Dazzling Flash           Conj/Hex       4%         N/A       47%         3
 Tukima's Dance           Hex            2%         N/A       47%         3
 Summon Lightning Spire   Summ/Air       14%        N/A       38%         4


Dungeon Overview and Level Annotations

Branches:
Dungeon (10/15)
 Temple: D:4-7         Lair: D:8-11         Orc: D:9-12

Altars:
Ashenzari
Dithmenos
Elyvilon
Fedhas
Ru
Sif Muna
Uskayaw
Xom

Annotations:
D:4 1 runed translucent door, Orlauf's ghost, novice DECj


Innate Abilities, Weirdness & Mutations

You cannot be hasted, slowed, berserked, paralysed or teleported.
You can dig through walls and to a lower floor.
You have a pair of large antennae on your head. (SInv)
Your four strong arms can wield two-handed weapons with a shield.


Message History

The ice beast completely resists.
You hit the ice beast but do no damage.
The ice beast is severely wounded.
The ice beast hits you. The ice beast freezes you!
Your ice beast closely misses the ice beast.
You barely miss the ice beast.
The ice beast is severely wounded.
The ice beast hits you. The ice beast freezes you!
Your ice beast barely misses the ice beast.
You hit the ice beast.
The ice beast is severely wounded.
You hit the ice beast.
The ice beast is almost dead.
The ice beast hits you. The ice beast freezes you.
Your ice beast hits the ice beast but does no damage.
You are too injured to fight recklessly!
You hit the ice beast but do no damage.
The ice beast is almost dead.
The ice beast misses you.
Your ice beast barely misses the ice beast.
You barely miss the ice beast.
The ice beast is almost dead.
The ice beast completely misses you.
Your ice beast barely misses the ice beast.
You closely miss the ice beast.
The ice beast is almost dead.
You closely miss the ice beast.
The ice beast is almost dead.
The ice beast hits you. The ice beast freezes you!
* * * LOW HITPOINT WARNING * * *
Your ice beast hits the ice beast but does no damage.
Your ice beast hits the ice beast.
Your ice beast freezes the ice beast.
The ice beast completely resists.
Your ice beast barely misses the ice beast.
Casting: Summon Ice Beast (quite dangerous; 16% risk of failure)
Confirm with . or Enter, or press ? or * to list all spells.
The ice beast hits you.
* * * LOW HITPOINT WARNING * * *
The ice beast freezes you!
You die...

........## ###...#
#....>.....####.....# .
##.....###...........#
#.###(..### ##...........
#.......# #...........
#......# ##......#...
#......# #....###...
#.....Y########...####..#
#...Y@...............#
##...h...............#
#..###########......##
....# ##....... ###.
#.##### #. ## #


You could see an ice beast (ally target), a friendly ice beast (summoned) and a
friendly hound (summoned).

Vanquished Creatures
  A bullfrog (D:7)
  2 howler monkeys
  A hound (D:4)
  An iguana (D:4)
  An orc wizard (D:4)
  Natasha (thrice) (D:4)
  5 adders
  A shadow imp (D:4)
  An adder zombie (D:5)
  2 worms (D:2)
  3 dart slugs
  4 orcs
  6 ball pythons
  6 bats
  7 endoplasms
  3 giant cockroaches
  5 goblins
  5 hobgoblins
  10 jackals
  4 frilled lizards
  5 kobolds
  A rat (D:1)
77 creatures vanquished.

Vanquished Creatures (collateral kills)
  A centaur zombie (D:10)
  An ice beast (D:7)
  An ogre (D:5)
  A necrophage (D:4)
  A hound (D:5)
  An iguana (D:4)
  A gnoll (D:5)
  An adder (D:2)
  2 worms
  A dart slug (D:2)
  An orc (D:4)
  3 endoplasms
  A giant cockroach (D:2)
  3 goblins
  2 hobgoblins
  3 ball pythons
  A bat (D:1)
  A kobold (D:2)
  A rat (D:1)
27 creatures vanquished.

Vanquished Creatures (others)
  13 plants (D:4)
13 creatures vanquished.

Grand Total: 117 creatures vanquished

Notes
Turn   | Place    | Note
-------+----------+-------------------------------------------
     0 | D:1      | hatdisgam the Formicid Summoner began the quest for the
                  | Orb.
     0 | D:1      | Reached XP level 1. HP: 13/13 MP: 3/3
   168 | D:1      | Reached XP level 2. HP: 15/19 MP: 5/5
   779 | D:1      | Reached XP level 3. HP: 18/24 MP: 6/6
   957 | D:1      | Learned a level 2 spell: Call Imp
   961 | D:1      | Learned a level 3 spell: Call Canine Familiar
  1095 | D:1      | Found a faded altar of an unknown god.
  1790 | D:2      | Reached XP level 4. HP: 30/30 MP: 8/8
  1894 | D:2      | Reached skill level 5 in Summonings
  2780 | D:3      | Found a blossoming altar of Fedhas.
  2783 | D:3      | Found a shimmering blue altar of Sif Muna.
  2784 | D:3      | Found a shimmering altar of Xom.
  2827 | D:3      | Reached XP level 5. HP: 32/35 MP: 9/9
  3489 | D:3      | Found a sacrificial altar of Ru.
  3489 | D:3      | Found a broken altar of Ashenzari.
  3490 | D:3      | Found a hide-covered altar of Uskayaw.
  3638 | D:4      | Learned a level 4 spell: Summon Ice Beast
  3702 | D:4      | Noticed a necrophage
  3716 | D:4      | Killed a necrophage
  3717 | D:4      | Reached skill level 1 in Ice Magic
  3997 | D:4      | Reached XP level 6. HP: 40/41 MP: 8/11
  4315 | D:4      | Noticed Natasha
  4323 | D:4      | Killed Natasha
  4389 | D:4      | HP: 1/41 [iguana (12)]
  4392 | D:4      | Reached skill level 6 in Summonings
  4793 | D:4      | Noticed Natasha
  5043 | D:4      | Killed Natasha
  5518 | D:4      | Identified the +8 mace of Fiskexic {protect, rF+ MP-9
                  | Str+6}
  5584 | D:4      | Found a runed translucent door.
  5593 | D:4      | Noticed Orlauf's ghost (novice DECj)
  5950 | D:4      | Found a white marble altar of Elyvilon.
  5984 | D:4      | Noticed Natasha
  6006 | D:4      | Killed Natasha
  6007 | D:4      | Reached XP level 7. HP: 42/46 MP: 7/12
  6116 | D:5      | Entered Level 5 of the Dungeon
  6305 | D:5      | You fall into a shaft and drop 3 floors!
  6308 | D:8      | You fall into a shaft and drop 2 floors!
  6308 | D:10     | Entered Level 10 of the Dungeon
  6439 | D:10     | Noticed a two-headed ogre
  6477 | D:10     | Reached skill level 7 in Summonings
  6882 | D:7      | Found a shadowy altar of Dithmenos.
  6918 | D:7      | Reached XP level 8. HP: 19/52 MP: 8/13
  7329 | D:6      | Slain by an ice beast

Illustrated notes

Levels and vault maps discovered:
D:1:      nzn_arrival_settlement, layout_basic, chequers_ecumenical_altar_twisty
D:2:      layout_rooms, minmay_joined_circles
D:3:      layout_basic, grunt_temple_overflow_open,
          gammafunk_temple_overflow_claw, hangedman_abyss_or_decor_lesser_grid,
          grunt_ministairs_8, skrybe_limestone_x, minmay_misc_feat_x,
          hex_intersection
D:4:      layout_loops_cross, nicolae_elyvilon_temple_path,
          ebering_ghost_sewer_d, uniq_natasha
D:5:      layout_rooms, minmay_misc_feat_nine_boxes, uniq_duvessa
D:6:      layout_layer_cave, tso_altar, dk_rats_in_the_wall
D:7:      layout_cave_pools, nicolae_dithmenos_the_darkroom,
          minmay_temple_entry_statues_fountains
D:8:      layout_basic, serial_ice, serial_ice_f, serial_ice_c, serial_ice_b,
          serial_ice_n, serial_shops, kennysheep_little_box, minmay_lizard_king,
          uniq_psyche
D:9:      layout_loops_ring, nicolae_vehumet_altar_sigil, serial_shops, shop,
          nicolae_shop_waterfront, shop
D:10:     layout_loops_cross, grunt_temple_overflow_order_and_chaos_2,
          okawaru_altar_gauntlet_db, lair_entry_dummy, hiddenorc2_lemuel

Skill      XL: |  1  2  3  4  5  6  7 |
---------------+----------------------+-----
Spellcasting   | 3 |  3.3
Summonings     | 5 6 7 |  7.3
Dodging        | 2 3 |  3.4
Ice Magic      | 1 2 4 |  4.4
Stealth        | |  2.4

Action                   |  1- 3 |  4- 6 |  7- 9 || total
-------------------------+-------+-------+-------++-------
Melee: Club              |    12 |       |       ||    12
       Unarmed           |     6 |       |       ||     6
       Short sword       |    82 |   203 |    88 ||   373
 Cast: Summon Small Mamm |     5 |       |       ||     5
       Call Canine Famil |     3 |    17 |     5 ||    25
       Summon Ice Beast  |       |       |     3 ||     3
 Abil: Dig               |       |       |     2 ||     2
       Shaft Self        |       |       |     2 ||     2
  Use: Scroll            |       |     2 |       ||     2
 Stab: Sleeping          |     5 |     3 |       ||     8
       Distracted        |     1 |       |     1 ||     2
Armor: Robe              |    20 |    19 |    17 ||    56
Dodge: Dodged            |    52 |    71 |    40 ||   163

Table legend: (Time is in decaauts)
 A = Elapsed time spent in this place.
 B = Non-inter-level travel time spent in this place.
 C = Inter-level travel time spent in this place.
 D = Time resting spent in this place.
 E = Time spent auto-exploring this place.
 F = Levels seen in this place.
 G = Mean time per level.
                   A        B        C        D        E       F      G
               +--------+--------+--------+--------+--------+-----+--------+
         Total |   7233 |   7122 |    111 |    987 |   5082 |  10 |  723.3 |
       Dungeon |   7233 |   7122 |    111 |    987 |   5082 |  10 |  723.3 |
               +--------+--------+--------+--------+--------+-----+--------+

Top non-repeatable levels by time:
     D:4: 2282 daAuts
     D:3: 1405 daAuts
     D:1: 1188 daAuts
     D:2: 1166 daAuts
    D:10: 505 daAuts
     D:7: 250 daAuts
     D:6: 187 daAuts
     D:5: 179 daAuts
     D:8: 50 daAuts
     D:9: 16 daAuts
